 Dungeon Crawl Stone Soup version 0.30-a0-879-ga8ba668304 (webtiles) character file.

Game seed: 15702045526447093382

216756 jlumianski the Severer (level 18, -7/176 HPs)
             Began as a Demonspawn Fighter on Mar 12, 2023.
             Was a High Priest of Qazlal.
             Hit by a silver javelin thrown by a merfolk javelineer (13 damage)
             ... led by Ilsuiw
             ... on level 4 of the Shoals on Mar 14, 2023.
             The game lasted 03:24:38 (40771 turns).

jlumianski the Severer (Demonspawn Fighter)        Turns: 40771, Time: 03:24:41

Health: -7/176     AC: 25    Str: 28    XL:     18   Next: 36%
Magic:  0/29       EV:  7    Int: 11    God:    Qazlal [*****.]
Gold:   2818       SH: 27    Dex: 14    Spells: 17/17 levels left

rFire   . . .      SeeInvis .    h - +7 broad axe (heavy)
rCold   + . .      Faith    .    u - +2 tower shield {reflect}
rNeg    . . .      Spirit   +    i - +3 plate armour {rC+}
rPois   .          Reflect  +    M - +1 hat
rElec   .          Rampage  .    (no cloak)
rCorr   .                        G - +2 pair of gloves
Will    +....                    (boots unavailable) Stlth
                                 D - amulet of regeneration
HPRegen 1.29/turn                m - +6 ring of strength
MPRegen 0.42/turn                F - ring of flight

@: protected from cold, flying, studying 2 skills, repel missiles
A: hooves 3, yellow scales 2, robust 2, magic shield, magic regeneration, magic
link, demonic magic 1, horns 1, wild magic 1, cold vulnerability 1
}: 1/15 runes: serpentine
a: Renounce Religion, Upheaval, Elemental Force, Disaster Area


You were on level 4 of the Shoals.
You worshipped Qazlal.
Qazlal was extremely pleased with you.
You visited 6 branches of the dungeon, and saw 31 of its levels.
You visited the Abyss 1 time.
You also visited: Sewer and Ice Cave.

You collected 5095 gold pieces.
You spent 2277 gold pieces at shops.

Inventory:

Hand Weapons
 h - a +7 heavy broad axe (weapon)
 y - the +7 quarterstaff of Sloth {drain, rF+ Int+2}
   (You found it on level 2 of the Shoals)

   Int:       It affects your intelligence (+2).
   rF:        It protects you from fire.
 K - a +2 scimitar of flaming
Missiles
 a - 19 javelins
 e - 6 atropa-tipped darts
 g - 3 silver boomerangs
 s - 3 silver javelins
 B - 29 boomerangs (quivered)
 L - 7 throwing nets
 W - 17 curare-tipped darts
Armour
 i - a +3 plate armour of cold resistance (worn)
 u - a +2 tower shield of reflection (worn)
 G - a +2 pair of gloves (worn)
 M - a +1 hat (worn)
Jewellery
 b - a +4 ring of protection
 m - a +6 ring of strength (left hand)
 D - an amulet of regeneration (around neck)
 E - a +6 ring of strength
 F - a ring of flight (right hand)
 J - a ring of protection from fire
 T - a ring of protection from fire
Wands
 z - a wand of charming (5)
 I - a wand of roots (20)
 N - a wand of quicksilver (12)
 O - a wand of digging (7)
Scrolls
 c - a scroll of enchant armour
 f - 3 scrolls of fear
 j - 8 scrolls of identify
 q - 3 scrolls of poison
 r - 4 scrolls of blinking
 t - 2 scrolls of magic mapping
 w - 6 scrolls of immolation
 C - 4 scrolls of teleportation
 U - a scroll of silence
 Y - 2 scrolls of butterflies
 Z - 2 scrolls of fog
Potions
 k - 8 potions of might
 l - 5 potions of cancellation
 o - 2 potions of resistance
 p - 6 potions of curing
 v - 2 potions of berserk rage
 x - 3 potions of haste
 A - a potion of ambrosia
 H - 2 potions of invisibility
Miscellaneous
 d - a box of beasts
 n - a tin of tremorstones (1/2)


   Skills:
 * Level 14.4 Fighting
 - Level 3.6 Long Blades
 * Level 17.8 Axes
 + Level 1.0 Staves
 + Level 1.8 Throwing
 + Level 11.3 Armour
 + Level 3.7 Dodging
 - Level 1.4 Stealth
 + Level 14.8 Shields
 + Level 0.7 Unarmed Combat
 * Level 15.4 Invocations
 * Level 9.5 Evocations


You had 17 spell levels left.
You didn't know any spells.
Your spell library contained the following spells:

 Spells                   Type           Power      Damage    Failure   Level
 Apportation              Tloc           0%         N/A       100%        1
 Kiss of Death            Conj/Necr      0%         2d5       100%        1
 Summon Small Mammal      Summ           0%         N/A       100%        1
 Blink                    Tloc           0%         N/A       100%        2
 Call Imp                 Summ           0%         N/A       100%        2
 Cigotuvi's Dreadful Rot  Necr/Pois/Air  0%         N/A       100%        2
 Lesser Beckoning         Tloc           0%         N/A       100%        2
 Momentum Strike          Conj/Tloc      0%         3d8       100%        2
 Sublimation of Blood     Necr           0%         N/A       100%        2
 Call Canine Familiar     Summ           0%         N/A       100%        3
 Confusing Touch          Hex            0%         N/A       100%        3
 Dazzling Flash           Conj/Hex       0%         N/A       100%        3
 Frozen Ramparts          Ice            0%         1d1       100%        3
 Inner Flame              Hex/Fire       0%         N/A       100%        3
 Summon Guardian Golem    Hex/Summ       0%         N/A       100%        3
 Tukima's Dance           Hex            0%         N/A       100%        3
 Vampiric Draining        Necr           0%         2d6       100%        3
 Vhi's Electric Charge    Tloc/Air       0%         N/A       100%        3
 Airstrike                Air            0%         2d(0-16)  100%        4
 Cause Fear               Hex            0%         N/A       100%        4
 Dispel Undead            Necr           0%         3d6       100%        4
 Flame Wave               Conj/Fire      0%         2d4       100%        4
 Fulminant Prism          Conj/Hex       0%         3d5       100%        4
 Ice Form                 Ice/Tmut       0%         N/A       100%        4
 Iskenderun's Mystic Bla  Conj/Tloc      0%         2d3       100%        4
 Leda's Liquefaction      Hex/Erth       0%         N/A       100%        4
 Passage of Golubria      Tloc           0%         N/A       100%        4
 Petrify                  Tmut/Erth      0%         N/A       100%        4
 Sticky Flame             Conj/Fire      0%         2d3       100%        4
 Summon Ice Beast         Ice/Summ       0%         N/A       100%        4
 Summon Lightning Spire   Summ/Air       0%         N/A       100%        4
 Agony                    Necr           0%         N/A       100%        5
 Alistair's Intoxication  Tmut/Pois      0%         N/A       100%        5
 Arcjolt                  Conj/Air       0%         1d10      100%        5
 Irradiate                Conj/Tmut      0%         3d11      100%        5
 Lee's Rapid Deconstruct  Erth           0%         3d4*      100%        5
 Lightning Bolt           Conj/Air       0%         1d11      100%        5
 Silence                  Hex/Air        0%         N/A       100%        5
 Summon Forest            Summ/Tloc      0%         N/A       100%        5
 Yara's Violent Unravell  Hex/Tmut       0%         3d3       100%        5
 Eringya's Noxious Bog    Tmut/Pois      0%         N/A       100%        6
 Starburst                Conj/Fire      0%         6d3       100%        6
 Statue Form              Tmut/Erth      0%         N/A       100%        6
 Monstrous Menagerie      Summ           0%         N/A       100%        7
 Summon Hydra             Summ           0%         N/A       100%        7
 Discord                  Hex            0%         N/A       100%        8
 Maxwell's Capacitive Co  Air            0%         ∞         100%        8
 Necromutation            Tmut/Necr      0%         N/A       100%        8
 Death's Door             Necr           0%         N/A       100%        9


Dungeon Overview and Level Annotations

Branches:
Dungeon (15/15)            Temple (1/1) D:6            Lair (5/5) D:11
 Shoals (4/4) Lair:2        Snake (4/4) Lair:3        Slime (0/5) Lair:4
    Orc (2/2) D:10            Elf (0/3) Orc:2        Vaults (0/5) D:13
 Depths (0/4) D:15          Sewer (visited)           IceCv (visited)

Altars:
Ashenzari
Cheibriados
Dithmenos
Fedhas
Gozag
Hepliaklqana
Kikubaaqudgha
Makhleb
Nemelex Xobeh
Okawaru
Qazlal
Ru
Sif Muna
Trog
Uskayaw
Vehumet
Wu Jian
Xom
Yredelemnul
Jiyva

Shops:
D:7 !   D:9 (   D:12 *   Orc:1 *   Orc:2 =:[:   Snake:1 [

Portals:
Abyss: Snake:3

Annotations:
D:14 3 runed translucent doors, Bukydon's ghost, journeyman MiFi


Innate Abilities, Weirdness & Mutations

You have hooves in place of feet.
You are mostly covered in yellow scales. (AC +3)
You are very robust. (+20% HP)
When hurt, damage is shared between your health and your magic reserves.
You regenerate magic rapidly.
When low on magic, you restore magic in place of health.
Spells you cast may paralyse adjacent enemies.
You have a pair of small horns on your head.
Your spells are a little harder to cast, but a little more powerful.
You are vulnerable to cold. (rC-)


Message History

* * * LOW HITPOINT WARNING * * *
You block the merfolk javelineer's attack.
The merfolk javelineer throws a silver javelin.
The silver javelin pierces through you but does no damage.
The silver sears you!
* * * LOW HITPOINT WARNING * * *
Aiming: Quicksilver Bolt
Press: ? - help, Shift-Dir - straight line, f/p - merfolk javelineer
Aim: a merfolk javelineer, wielding a +0 spear, wearing a +0 leather armour and quivering silver javelins (severely wounded, 67% to hit)
The bolt of dispelling energy hits the merfolk javelineer!!
You kill the merfolk javelineer!
Qazlal accepts your kill.
You hear a splash. x3
The bolt of dispelling energy misses the merfolk javelineer.
The merfolk javelineer throws a silver javelin.
The silver javelin pierces through you!
* * * LOW HITPOINT WARNING * * *
The silver sears you!
* * * LOW HITPOINT WARNING * * *
Press: ? - help, v - describe, . - travel, g - get item
Here: a merfolk javelineer, wielding a +0 spear, wearing a +0 scale mail and quivering silver javelins (moderately wounded)
Items here: a +0 glaive; a merfolk corpse.
The floor, spattered with blood.
Aiming: Charm
Press: ? - help, Shift-Dir - straight line, f - merfolk javelineer
Aim: a merfolk javelineer, wielding a +0 spear, wearing a +0 scale mail and quivering silver javelins (moderately wounded, chance to affect: 36%)
Okay, then.
Blink to where?
Press: ? - help, Dir - move target
As you read the scroll of blinking, it crumbles to dust.
The merfolk javelineer throws a silver javelin.
The silver javelin barely misses you.
You slice the merfolk javelineer!!
Your kick misses the merfolk javelineer.
Your headbutt misses the merfolk javelineer.
The merfolk javelineer is severely wounded.
You hear an angry hiss.
The merfolk javelineer throws a silver javelin.
The silver javelin pierces through you!!
You die...

#≈≈≈≈≈≈≈≈≈≈ #≈≈≈≈≈≈≈≈≈≈
~~ #≈≈≈≈≈≈≈≈≈≈ .~~
#≈≈≈≈≈≈≈≈≈≈ ..$#
#≈~~~~~≈≈≈≈ .~..#
##~§~~~~~~≈≈ .....#
##§)§~~~~~~≈≈
......######)~~~...~~~~≈
........).@m.§~.###.~~~≈
..!!...<)######## ..~~≈
........## ~~~≈
.......## ~~≈≈ .......
....... .....$. .......
.......


You could see a merfolk javelineer.

Vanquished Creatures
  Vashnia (Snake:4)
  Rupert (D:14)
  2 quicksilver dragons (Snake:4)
  A kraken (Shoals:1)
  The ghost of HilariousDeathArtist the Nimble, an adept TrRe of Xom (Snake:3)
  Agnes (Snake:2)
  Donald (Shoals:2)
  Ilsuiw (Shoals:4)
  3 nagarajas
  A cacodemon (Snake:3)
  Aizul (Snake:2)
  An orc warlord (Orc:2)
  3 very ugly things
  The ghost of ICEMaiden the Geomancer, a journeyman GrEE of Sif Muna (Orc:2)
  Nessos (Lair:4)
  A minotaur (Orc:2)
  The ghost of Rauqumuf the Devastator, a journeyman TeAE of Qazlal (Orc:1)
  Azrael (D:12)
  A dire elephant (Lair:5)
  Snorg (D:10)
  2 merfolk javelineers
  2 great orbs of eyes
  3 merfolk impalers
  A fire dragon (D:15)
  Harold (D:10)
  4 salamander tyrants
  8 vault guards
  An alligator snapping turtle (Shoals:1)
  6 hydras
  An ogre mage (D:11)
  12 centaur warriors
  5 catoblepae
  2 merfolk avatars
  11 naga warriors
  8 anacondas
  A two-headed ogre (Orc:1)
  4 boulder beetles
  3 death yaks (Lair:5)
  3 merfolk aquamancers
  A deep troll shaman (Lair:5)
  2 tengu warriors
  3 satyrs
  A shock serpent (shapeshifter) (D:15)
  A vampire mage (Lair:5)
  7 naga sharpshooters
  3 shock serpents
  Sonja (D:10)
  A fire crab (Lair:5)
  5 skysharks
  A skyshark (shapeshifter) (D:13)
  3 salamander mystics (Snake:4)
  7 skeletal warriors
  7 sea snakes
  2 spriggan simulacra (D:14)
  3 naga ritualists
  A flayed ghost (D:9)
  4 orc knights (Orc:2)
  An orange crystal statue (IceCv)
  5 wizards
  2 lindwurms
  10 harpies
  4 mana vipers
  10 manticores
  3 orc sorcerers
  10 ugly things
  9 salamanders
  A salamander (shapeshifter) (D:13)
  12 cyclopes
  4 fauns (Shoals:3)
  8 merfolk sirens
  32 black mambas
  9 naga magi
  2 guardian serpents
  2 molten gargoyles (Lair:3)
  4 water nymphs
  22 elephants
  16 cane toads
  Maggie (D:10)
  An unseen horror (D:12)
  A hellion (Snake:3)
  7 komodo dragons
  6 yaktaurs
  A rime drake (shapeshifter) (D:11)
  3 gargoyles
  An efreet (D:14)
  5 kobold demonologists
  2 tengu conjurers
  A freezing wraith (IceCv)
  3 rime drakes
  An anaconda simulacrum (IceCv)
  4 meliai
  A golden dragon simulacrum (IceCv)
  13 merfolk
  10 trolls
  3 wind drakes
  A hornet (D:9)
  6 polar bears
  Prince Ribbit (Lair:2)
  A troll (shapeshifter) (D:13)
  13 blink frogs
  19 dream sheep
  5 snapping turtles
  20 slime creatures
  2 shadows
  8 wraiths
  9 fire bats (D:9)
  20 yaks
  5 wyverns
  4 basilisks
  9 water elementals
  A fire elemental (D:12)
  3 minotaur simulacra (D:14)
  A human (Lair:5)
  3 steam dragons
  5 vampire mosquitoes
  5 wargs
  24 nagas
  A hydra simulacrum (IceCv)
  2 acid dragons
  5 hell hounds (D:12)
  12 water moccasins
  An ice beast (D:5)
  47 orc warriors
  3 black bears
  2 ettin simulacra (IceCv)
  2 alligator simulacra
  3 ogres
  15 wolves
  3 boggarts (D:15)
  23 centaurs
  2 phantoms
  9 kobold brigands
  16 bullfrogs
  A deep troll simulacrum (D:14)
  2 gnoll sergeants
  6 scorpions
  7 wights
  A lindwurm simulacrum (D:14)
  17 killer bees
  11 howler monkeys
  6 electric eels
  5 lava snakes (Lair:3)
  3 iron imps (D:3)
  5 hounds
  A gnoll bouda (D:7)
  9 orc priests
  7 jellies
  3 iguanas
  3 sleepcaps
  6 starcursed masses (Snake:3)
  27 orc wizards
  6 hell rats (Lair:4)
  19 gnolls
  11 adders
  6 river rats
  A white imp (D:6)
  2 ufetubi
  5 worms
  A dart slug (D:2)
  65 orcs
  62 bats
  19 endoplasms
  6 giant cockroaches
  6 goblins
  11 hobgoblins
  2 jackals (D:1)
  24 kobolds
  3 quokkas
  6 ball pythons
  6 frilled lizards
  8 rats
1086 creatures vanquished.

Vanquished Creatures (collateral kills)
  A merfolk javelineer (Shoals:3)
  4 hydras
  A tengu warrior (D:10)
  Nergalle (D:12)
  A naga sharpshooter (Snake:4)
  2 harpies (Shoals:3)
  An ugly thing (D:13)
  2 manticores (Shoals:2)
  A naga mage (Snake:1)
  A guardian serpent (Snake:1)
  2 black mambas (Snake:2)
  An anaconda simulacrum (IceCv)
  A freezing wraith (IceCv)
  A wind drake (Shoals:3)
  3 merfolk
  2 dream sheep (Shoals:2)
  5 yaks (Lair:4)
  A naga (Snake:3)
  2 orc warriors (Orc:2)
  3 centaurs (D:13)
  A lindwurm simulacrum (IceCv)
  3 orc wizards (Orc:2)
  6 orcs (Orc:2)
46 creatures vanquished.

Vanquished Creatures (others)
  A nagaraja (Snake:4)
  A centaur warrior (D:13)
  A deep elf pyromancer (D:14)
  A manticore (Shoals:4)
  A naga mage (Snake:1)
  2 orc wizards (Orc:2)
  A bush (Lair:4)
  21 fungi
  126 plants
  17 tentacles (Shoals:1)
172 creatures vanquished.

Grand Total: 1304 creatures vanquished

Notes
Turn   | Place    | Note
-------+----------+-------------------------------------------
     0 | D:1      | jlumianski the Demonspawn Fighter began the quest for the
                  | Orb.
     0 | D:1      | Reached XP level 1. HP: 18/18 MP: 1/1
    87 | D:1      | Gained mutation: You regenerate magic rapidly. [demonic
                  | ancestry]
    87 | D:1      | Reached XP level 2. HP: 24/24 MP: 2/2
   142 | D:3      | Reached skill level 2 in Axes
   142 | D:3      | Reached XP level 3. HP: 9/29 MP: 3/3
   143 | D:3      | HP: 1/29 [something/magic dart (6)]
   149 | D:3      | Gained mutation: When hurt, damage is shared between your
                  | health and your magic reserves. [demonic ancestry]
   149 | D:3      | Reached XP level 4. HP: 11/37 MP: 4/4
   621 | D:3      | Found a glowing drain.
   627 | Sewer    | Entered a sewer
   702 | Sewer    | Gained mutation: You have large cloven feet. [demonic
                  | ancestry]
   702 | Sewer    | Reached XP level 5. HP: 33/42 MP: 3/5
   730 | Sewer    | Reached skill level 3 in Axes
   877 | Sewer    | Found a viscous altar of Jiyva.
  1037 | Sewer    | Reached skill level 4 in Axes
  1663 | D:1      | Reached XP level 6. HP: 48/48 MP: 6/6
  2050 | D:2      | Found a broken altar of Ashenzari.
  2878 | D:3      | Found a burning altar of Makhleb.
  3572 | D:4      | Reached XP level 7. HP: 55/55 MP: 7/7
  3802 | D:5      | Entered Level 5 of the Dungeon
  3822 | D:5      | Found a radiant altar of Vehumet.
  4194 | D:5      | Reached skill level 5 in Axes
  4194 | D:5      | Reached skill level 1 in Dodging
  4494 | D:4      | Gained mutation: You occasionally lose the ability to drink
                  | potions when taking damage. [potion of mutation]
  4494 | D:4      | Gained mutation: You have an increased reservoir of magic.
                  | (+10% MP) [potion of mutation]
  4494 | D:4      | Gained mutation: You are dopey. (Int -2) [potion of
                  | mutation]
  4495 | D:4      | Lost mutation: You are dopey. (Int -2) [potion of mutation]
  4495 | D:4      | Lost mutation: You have an increased reservoir of magic.
                  | (+10% MP) [potion of mutation]
  4495 | D:4      | Gained mutation: You do not regenerate when monsters are
                  | visible. [potion of mutation]
  4510 | D:5      | Reached skill level 5 in Fighting
  4795 | D:4      | Gained mutation: You have hoof-like feet. [demonic
                  | ancestry]
  4795 | D:4      | Reached XP level 8. HP: 62/62 MP: 8/8
  5183 | D:5      | Reached skill level 6 in Axes
  5404 | D:6      | Reached skill level 5 in Armour
  6544 | D:6      | Found a staircase to the Ecumenical Temple.
  6559 | Temple   | Entered the Ecumenical Temple
  6692 | Temple   | Became a worshipper of Qazlal Stormbringer
  6853 | D:6      | Gained mutation: Spells you cast may paralyse adjacent
                  | enemies. [demonic ancestry]
  6853 | D:6      | Reached XP level 9. HP: 53/70 MP: 6/9
  7341 | D:6      | Reached skill level 7 in Axes
  7751 | D:8      | Reached skill level 5 in Shields
  7751 | D:8      | Reached skill level 1 in Invocations
  7953 | D:7      | Found a blossoming altar of Fedhas.
  8283 | D:6      | Reached * piety under Qazlal
  8888 | D:7      | Found Kuelimm's Distillery.
  8896 | D:7      | Bought a potion of curing for 39 gold pieces
  8896 | D:7      | Bought a potion of curing for 39 gold pieces
  8896 | D:7      | Bought a potion of curing for 39 gold pieces
  8924 | D:7      | Noticed a kobold demonologist
  8925 | D:7      | Noticed a rust devil
  8950 | D:7      | Killed a kobold demonologist
  8951 | D:7      | Reached skill level 8 in Axes
  9684 | D:8      | Reached XP level 10. HP: 65/79 MP: 12/12
  9706 | D:8      | Reached ** piety under Qazlal
 10495 | D:9      | Paralysed by a hornet for 3 turns
 10507 | D:9      | Paralysed by a hornet for 1 turns
 10509 | D:9      | Paralysed by a hornet for 2 turns
 10774 | D:9      | Lost mutation: You occasionally lose the ability to drink
                  | potions when taking damage. [potion of mutation]
 10774 | D:9      | Lost mutation: You do not regenerate when monsters are
                  | visible. [potion of mutation]
 10774 | D:9      | Gained mutation: Your spells are a little harder to cast,
                  | but a little more powerful. [potion of mutation]
 10774 | D:9      | Gained mutation: You have a pair of small horns on your
                  | head. [potion of mutation]
 10774 | D:9      | Gained mutation: You are vulnerable to cold. (rC-) [potion
                  | of mutation]
 11125 | D:9      | Found Reczipue's Weapon Boutique.
 11153 | D:9      | Reached skill level 5 in Invocations
 11264 | D:10     | Entered Level 10 of the Dungeon
 11556 | D:9      | Reached skill level 9 in Axes
 11573 | D:9      | Reached *** piety under Qazlal
 11592 | D:9      | Found a shimmering altar of Xom.
 11626 | D:9      | Found a runed translucent door.
 11629 | D:9      | Noticed a flayed ghost
 11629 | D:9      | Found the +9 staff of Olgreb {rPois∞}
 11683 | D:9      | Gained mutation: You have hooves in place of feet. [demonic
                  | ancestry]
 11683 | D:9      | Reached XP level 11. HP: 86/86 MP: 16/16
 11735 | D:9      | Killed a flayed ghost
 11806 | D:9      | Found an ancient bone altar of Kikubaaqudgha.
 11839 | D:9      | Found a hazy altar of Hepliaklqana.
 11891 | D:9      | Found a hide-covered altar of Uskayaw.
 11910 | D:9      | Found a sacrificial altar of Ru.
 11933 | D:9      | Reached **** piety under Qazlal
 12244 | D:9      | Found an iron altar of Okawaru.
 12301 | D:10     | Noticed Maggie
 12310 | D:10     | Killed Maggie
 12546 | D:10     | Found a staircase to the Orcish Mines.
 12693 | D:10     | Noticed Sonja
 12700 | D:10     | Killed Sonja
 12701 | D:10     | Reached skill level 10 in Axes
 12951 | D:10     | Noticed Snorg
 12971 | D:10     | Killed Snorg
 13154 | D:10     | Found a basalt altar of Yredelemnul.
 13183 | D:10     | Noticed Harold
 13250 | D:10     | Killed Harold
 14369 | D:10     | Gained mutation: You are partially covered in yellow
                  | scales. (AC +2) [demonic ancestry]
 14369 | D:10     | Reached XP level 12. HP: 95/95 MP: 17/19
 14379 | D:10     | Reached skill level 1 in Stealth
 14524 | D:11     | Noticed a tengu warrior
 14525 | D:11     | Noticed a centaur warrior
 14545 | D:10     | Killed a tengu warrior
 14648 | D:11     | Killed a centaur warrior
 14699 | D:11     | Noticed a boulder beetle
 14726 | D:11     | Found the +8 demon blade "Leech" {evervamp, Harm Drain rN+}
 14732 | D:11     | Got the Notes on the Rotting Maleficium
 14740 | D:11     | Noticed an ogre mage
 15092 | D:11     | Reached skill level 1 in Long Blades
 15112 | D:11     | Reached skill level 10 in Invocations
 15124 | D:11     | Paralysed by an ogre mage for 3 turns
 15128 | D:11     | Killed an ogre mage
 15440 | D:11     | Found a staircase to the Lair.
 16002 | D:11     | Killed a boulder beetle
 16088 | D:11     | Got the Octavo of the Commander
 16310 | D:12     | Identified a scroll of acquirement
 16310 | D:12     | Acquired a +5 heavy broad axe
 16347 | D:12     | Found Tofudaso's Overcharged Wands.
 16376 | D:12     | Noticed Azrael
 16599 | Lair:1   | Entered Level 1 of the Lair of Beasts
 16601 | Lair:1   | Noticed a catoblepas
 16610 | Lair:1   | Killed a catoblepas
 16611 | Lair:1   | Reached skill level 10 in Fighting
 16725 | Lair:1   | Reached skill level 1 in Throwing
 16782 | Lair:1   | Identified the +1 robe "Zyrogg" {Contam Fly rC++ rCorr}
 16805 | Lair:1   | Got Citegran's Spellbook of Sinister Arts
 17279 | Lair:1   | Reached skill level 11 in Axes
 17280 | Lair:1   | Reached XP level 13. HP: 99/103 MP: 19/21
 18319 | Lair:2   | Noticed Prince Ribbit
 18325 | Lair:2   | Killed Prince Ribbit
 18831 | Lair:3   | Found a staircase to the Snake Pit.
 19401 | Lair:3   | Reached skill level 12 in Axes
 20152 | Lair:4   | Reached skill level 10 in Shields
 20164 | Lair:4   | Noticed Nessos
 20171 | Lair:4   | Killed Nessos
 20475 | Lair:4   | Found a staircase to the Slime Pits.
 20476 | Lair:4   | Found a viscous altar of Jiyva.
 20675 | Lair:4   | Reached skill level 1 in Evocations
 20762 | Lair:4   | Gained mutation: You are robust. (+10% HP) [demonic
                  | ancestry]
 20762 | Lair:4   | Reached XP level 14. HP: 105/122 MP: 23/23
 21567 | Lair:5   | Entered Level 5 of the Lair of Beasts
 21798 | Lair:4   | Reached ***** piety under Qazlal
 21852 | Lair:4   | Reached skill level 13 in Axes
 22557 | Lair:5   | Reached skill level 1 in Staves
 23564 | Lair:5   | Identified the +6 halberd of the Little People {protect,
                  | Dex+4}
 23885 | Lair:5   | Found a runed translucent door.
 24135 | Orc:1    | Entered Level 1 of the Orcish Mines
 24324 | Orc:2    | Entered Level 2 of the Orcish Mines
 24324 | Orc:2    | Noticed ICEMaiden's ghost (journeyman GrEE)
 24772 | Orc:2    | Gained mutation: You are mostly covered in yellow scales.
                  | (AC +3) [demonic ancestry]
 24772 | Orc:2    | Reached XP level 15. HP: 118/132 MP: 21/24
 24777 | Orc:2    | Found a runed translucent gate.
 24777 | Orc:2    | Found a runed translucent gate.
 24777 | Orc:2    | Found a runed translucent gate.
 24905 | Orc:2    | Reached skill level 14 in Axes
 24955 | Orc:2    | Found Reap's Book Shoppe.
 24955 | Orc:2    | Found Ciock's Antique Armour Boutique.
 24957 | Orc:2    | Found Xiggun's Book Shop.
 24959 | Orc:2    | Found Lumag's Jewellery Emporium.
 25244 | Orc:2    | Found a staircase to the Elven Halls.
 25912 | Orc:1    | Reached skill level 5 in Evocations
 26095 | Orc:1    | Found a runed translucent gate.
 26095 | Orc:1    | Found a runed translucent gate.
 26096 | Orc:1    | Found a runed translucent gate.
 26096 | Orc:1    | Noticed Rauqumuf's ghost (journeyman TeAE)
 26097 | Orc:1    | Found an opulent altar of Gozag.
 26118 | Orc:1    | Found Ynogo's Assorted Antiques.
 26423 | Orc:2    | Killed ICEMaiden's ghost
 26442 | Orc:2    | Identified the -2 pair of boots "Yhoc" {Will+}
 26568 | Orc:1    | Killed Rauqumuf's ghost
 26581 | Orc:1    | Bought a tin of tremorstones (2/2) for 1400 gold pieces
 26581 | Orc:1    | Bought a scroll of identify for 70 gold pieces
 26581 | Orc:1    | Bought a notched ivory ring for 175 gold pieces
 26858 | D:12     | Killed Azrael
 27246 | D:12     | Noticed Nergalle
 27258 | D:12     | Killed Nergalle
 27680 | D:13     | Found a basalt altar of Yredelemnul.
 27886 | D:12     | Reached skill level 10 in Armour
 28108 | D:13     | Reached skill level 15 in Axes
 28297 | D:13     | Found a gate to the Vaults.
 28584 | D:14     | Found a frozen archway.
 28605 | IceCv    | Entered an ice cave
 28621 | IceCv    | Gained mutation: When low on magic, you restore magic in
                  | place of health. [demonic ancestry]
 28621 | IceCv    | Reached XP level 16. HP: 54/141 MP: 13/26
 28832 | IceCv    | Found a transporter.
 28844 | IceCv    | Found a transporter.
 29202 | D:14     | Reached ****** piety under Qazlal
 29430 | D:14     | Found a runed translucent gate.
 29431 | D:14     | Noticed Bukydon's ghost (journeyman MiFi)
 29437 | D:14     | Found a runed translucent gate.
 29437 | D:14     | Found a runed translucent gate.
 29456 | Abyss:2  | Cast into level 2 of the Abyss (a wizard)
 29487 | D:14     | Escaped the Abyss
 29726 | D:14     | Found an iron altar of Okawaru.
 29747 | D:15     | Entered Level 15 of the Dungeon
 29986 | D:15     | Noticed Rupert
 30005 | D:14     | Killed Rupert
 30292 | D:15     | Found a sacrificial altar of Ru.
 30835 | D:15     | Reached skill level 16 in Axes
 30876 | D:15     | Found a staircase to the Depths.
 31307 | Orc:2    | Bought a ring of poison resistance for 240 gold pieces
 31474 | Snake:1  | Entered Level 1 of the Snake Pit
 31978 | Snake:1  | Found Viffoclu's Antique Armour Boutique.
 31993 | Snake:1  | Bought a pair of faintly humming gloves for 275 gold pieces
 31993 | Snake:1  | Identified the +1 pair of gloves "Wegrain" {Contam Harm
                  | +Blink rF-} (You bought it in a shop on level 1 of the
                  | Snake Pit)
 32346 | Snake:2  | Noticed Agnes
 32353 | Snake:2  | Killed Agnes
 33112 | Snake:2  | Noticed Aizul
 33146 | Snake:2  | Killed Aizul
 33499 | Snake:3  | Gained mutation: You are very robust. (+20% HP) [demonic
                  | ancestry]
 33499 | Snake:3  | Reached XP level 17. HP: 128/164 MP: 24/27
 33580 | Snake:3  | Found the amulet of the Four Winds {rN+ Will+++ Clar}
 33593 | Snake:4  | Entered Level 4 of the Snake Pit
 33770 | Snake:3  | Found a transporter.
 33770 | Snake:3  | Found a one-way gate to the infinite horrors of the Abyss.
 33790 | Snake:3  | Noticed HilariousDeathArtist's ghost (adept TrRe)
 33819 | Snake:3  | Acquired 1201 gold pieces
 34244 | Snake:3  | Found a transporter.
 34453 | Snake:3  | Paralysed by a great orb of eyes for 2 turns
 34725 | Snake:3  | Killed HilariousDeathArtist's ghost
 34763 | Snake:3  | Acquired a manual of Shields
 34989 | Snake:4  | Found an ornate altar of the Wu Jian Council.
 35132 | Snake:4  | Noticed Vashnia
 35280 | Snake:4  | Killed Vashnia
 35426 | Snake:4  | Reached skill level 17 in Axes
 35832 | Snake:4  | Noticed a quicksilver dragon
 35841 | Snake:4  | Killed a quicksilver dragon
 36051 | Snake:4  | Noticed a quicksilver dragon
 36058 | Snake:4  | Killed a quicksilver dragon
 36567 | Snake:4  | Got a serpentine rune of Zot
 37019 | Shoals:1 | Entered Level 1 of the Shoals
 37288 | Shoals:1 | Noticed a kraken
 37472 | Shoals:1 | Killed a kraken
 37987 | Shoals:2 | Noticed Donald
 38030 | Shoals:2 | Killed Donald
 38426 | Shoals:2 | Identified the +7 quarterstaff of Sloth {drain, rF+ Int+2}
 38677 | Shoals:2 | Acquired 718 gold pieces
 38961 | Shoals:3 | Reached XP level 18. HP: 170/175 MP: 29/29
 38997 | Shoals:3 | Reached skill level 15 in Invocations
 39157 | Shoals:4 | Entered Level 4 of the Shoals
 39826 | Shoals:4 | Noticed Ilsuiw
 40763 | Shoals:4 | Killed Ilsuiw
 40769 | Shoals:4 | HP: 5/176 [merfolk javelineer/silver javelin[Ilsuiw] (7)]
 40771 | Shoals:4 | Hit by a silver javelin thrown by a merfolk javelineer

Illustrated notes

Levels and vault maps discovered:
D:1:      saegor_arrival_miasma, layout_basic
D:2:      layout_rooms, basic_altar
D:3:      layout_rooms, demons_altar, lightli_sewer_entry_pipes, hex_tiny
D:4:      layout_gridville
D:5:      layout_gridville, lemuel_crystal_altar
D:6:      layout_cave_pools, temple_pool_b, serial_bayou, serial_bayou_pond_c,
          serial_bayou_ford_a, serial_bayou_pond_a, serial_bayou_pond_a
D:7:      layout_loops_corners, amcnicky_altar_gilded, serial_shops, shop,
          kennysheep_generic_room_8
D:8:      layout_loops_corners, overflow_temple_1_default, serial_bayou,
          serial_bayou_pond_e, serial_bayou_pond_b, serial_bayou_pond_e,
          serial_bayou_pond_d, serial_bayou_pond_c, serial_bayou_pond_c
D:9:      due_megacathedral, layout_basic, okawaru_metal_pillars_1_2,
          serial_shops, nicolae_shop_bloodbath_and_beyond
D:10:     layout_loops_ring, mainiacjoe_overflow_paths, david_orc_3,
          serial_glass, glass_columns_a, glass_columns_c, due_unseen_surprise,
          feat_on_display, feat_on_display, uniq_snorg, uniq_harold, uniq_sonja,
          uniq_maggie
D:11:     layout_layer_cave, lair_entry_dummy, nrook_mini_backslash,
          minmay_the_grid_2x2 [minmay_the_grid_gridbox, minmay_the_grid_rooms,
          minmay_the_grid_garden, minmay_the_grid_prize_four_corners_diamond_a]
D:12:     layout_irregular_city, nicolae_shop_overcharged_wands, uniq_nergalle,
          uniq_azrael
D:13:     minmay_blocking_statues, layout_cave_pools, erik_vaults_2,
          yredelemnul_altar_generic
D:14:     layout_basic, gammafunk_ghost_fury_of_okawaru,
          portal_ice_cave_entry_ice_simulacra
D:15:     gammafunk_enter_depths_forms, layout_cave_pods,
          nicolae_ru_awakened_eye, lightli_corner_chamber, uniq_rupert
Temple:   nicolae_temple_superstar
Lair:1:   layout_cave_pods, lemuel_old_faithful, grunt_megastairs_3,
          lemuel_fruit_tree, serial_bayou_shore_a
Lair:2:   layout_regular_city, nicolae_shoals_entry_flooding,
          uniq_prince_ribbit2
Lair:3:   cheibrodos_magma_flow, layout_cave_pods, beast_lair_carwin_1
Lair:4:   layout_regular_city, minmay_slime_entry_pillars, uniq_nessos
Lair:5:   grunt_lair_end_beastmaster, layout_hall_layers,
          pdpol_lair_cabin_in_the_woods, grunt_megastairs_4
Shoals:1: layout_shoals
Shoals:2: layout_shoals, uniq_donald
Shoals:3: layout_shoals
Shoals:4: shoals_end_hangedman, layout_shoals, shoals_ilsuiw_ice,
          nicolae_shoals_dead_sea_scrolls
Snake:1:  layout_gridlike, serial_shops, shop
Snake:2:  layout_cave_town, uniq_aizul, uniq_agnes
Snake:3:  layout_onion_interference, gammafunk_ghost_abyssal_escape
Snake:4:  hellmonk_snake_rune_quicksilver_temple, layout_onion, basic_altar,
          drop_trap, uniq_vashnia
Orc:1:    layout_diamond_mine, ebering_ghost_gozag
Orc:2:    st_orc_rangers, layout_caves, maelrawn_ghost_gauntlet_escape

Skill      XL: |  1  2  3  4  5  6  7  8  9 10 11 12 13 14 15 16 17 18 |
---------------+-------------------------------------------------------+-----
Shields        | 3 4 5 6 8 9 10 11 12 14 | 14.8
Axes           | 2 4 5 6 8 9 10 11 12 13 15 16 17 | 17.8
Armour         | 3 4 5 6 7 8 9 10 11 | 11.3
Fighting       | 4 5 6 7 8 9 10 11 12 13 14 | 14.4
Dodging        | 1 2 3 |  3.7
Invocations    | 3 7 9 10 12 13 14 15 | 15.4
Stealth        | 1 |  1.4
Long Blades    | 3 |  3.6
Throwing       | 1 |  1.8
Evocations     | 1 4 6 7 9 |  9.5
Staves         | 1 |  1.0
Unarmed Combat | |  0.7

Action                     |  1- 3 |  4- 6 |  7- 9 | 10-12 | 13-15 | 16-18 || total
---------------------------+-------+-------+-------+-------+-------+-------++-------
  Melee: War axe           |    42 |   271 |   400 |   508 |       |       ||  1221
         Kick              |       |    38 |    98 |   228 |   214 |   201 ||   779
         Headbutt          |       |       |       |   113 |   127 |   141 ||   381
         Unarmed           |       |       |       |    14 |       |       ||    14
         Broad axe         |       |       |       |    53 |   581 |   600 ||  1234
         Demon blade       |       |       |       |    45 |       |       ||    45
         Staff             |       |       |       |       |    22 |       ||    22
         Scimitar          |       |       |       |       |       |     7 ||     7
  Throw: Stone             |       |     3 |     4 |       |       |       ||     7
         Boomerang         |       |       |       |     9 |    20 |     6 ||    35
 Invoke: Elemental Force   |       |       |       |     3 |    11 |    10 ||    24
         Upheaval          |       |       |       |       |     1 |     3 ||     4
         Disaster Area     |       |       |       |       |       |     1 ||     1
  Evoke: Wand              |       |       |     5 |     4 |       |     2 ||    11
         Box of beasts     |       |       |       |       |     1 |     2 ||     3
         Tin of tremorston |       |       |       |       |       |     5 ||     5
    Use: Potion            |     2 |     1 |     7 |     7 |     4 |     5 ||    26
         Scroll            |       |     1 |    13 |    11 |     8 |     9 ||    42
   Stab: Distracted        |       |       |       |       |     2 |     1 ||     3
         Paralysed         |       |       |       |       |     3 |     4 ||     7
 Armour: Scale mail        |    36 |   150 |    40 |       |       |       ||   226
         Plate armour      |       |       |   146 |   134 |   198 |   372 ||   850
         Chain mail        |       |       |    52 |   131 |   236 |       ||   419
  Dodge: Dodged            |    21 |   134 |   162 |   225 |   269 |   158 ||   969
         Repelled          |       |       |       |     6 |     2 |    18 ||    26
  Block: Buckler           |    13 |    77 |   227 |   628 |   739 |       ||  1684
         Reflection        |       |       |     3 |    40 |   159 |   172 ||   374
         Other             |       |       |       |     3 |       |       ||     3
         Tower shield      |       |       |       |       |   191 |  1164 ||  1355

Table legend: (Time is in decaauts)
 A = Elapsed time spent in this place.
 B = Non-inter-level travel time spent in this place.
 C = Inter-level travel time spent in this place.
 D = Time resting spent in this place.
 E = Time spent auto-exploring this place.
 F = Levels seen in this place.
 G = Mean time per level.
                   A        B        C        D        E       F      G
               +--------+--------+--------+--------+--------+-----+--------+
         Total |  41959 |  39364 |   2595 |   6871 |  17416 |  34 | 1234.1 |
       Dungeon |  20752 |  19845 |    907 |   3538 |   9379 |  15 | 1383.5 |
        Temple |    155 |    155 |      0 |      0 |      0 |   1 |  155.0 |
          Lair |   8272 |   7224 |   1048 |   1290 |   3998 |   5 | 1654.4 |
        Shoals |   3717 |   3563 |    154 |    539 |   1325 |   4 |  929.2 |
     Snake Pit |   5353 |   4941 |    412 |    579 |   1574 |   4 | 1338.2 |
  Orcish Mines |   2722 |   2651 |     71 |    488 |    960 |   2 | 1361.0 |
         Abyss |     30 |     30 |      0 |      0 |      0 |   1 |   30.0 |
         Sewer |    512 |    512 |      0 |     72 |    179 |   1 |  512.0 |
      Ice Cave |    443 |    443 |      0 |    365 |      0 |   1 |  443.0 |
               +--------+--------+--------+--------+--------+-----+--------+

Top non-repeatable levels by time:
    D:10: 2481 daAuts
     D:6: 2151 daAuts
  Lair:5: 1963 daAuts
    D:11: 1887 daAuts
     D:9: 1874 daAuts
  Lair:4: 1843 daAuts
 Snake:4: 1842 daAuts
  Lair:3: 1620 daAuts
  Lair:1: 1603 daAuts
Shoals:3: 1544 daAuts
   Orc:2: 1503 daAuts
     D:7: 1501 daAuts
 Snake:3: 1399 daAuts
     D:5: 1390 daAuts
     D:3: 1321 daAuts
